cohdb
Replays
Latest Replays
All Replays
Popular Replays
Top Player Replays
Match Explorer
How It Works
Community
CoH3 Stats
Reddit
Sign in to upload your games and track your stats! →
Sign in with Steam
Match 42786807
Unlisted
Match 42786807
Overview
Messages
Build Orders
End
Engineer Squad
Construct Barracks
Riflemen Squad
1⁄4-ton 4x4 Truck
Riflemen Squad
Riflemen Squad
Infantry Support Center
Grenade Package
Construct Motor Pool
M8 Greyhound Armored Car
Construct Medical Station
M1 Anti-tank Gun Team
M1918 Browning Automatic Rifles
M1 Anti-tank Gun Team
Construct Tank Depot
Riflemen Squad
Riflemen Squad
M18 Hellcat Tank Destroyer
Engineer Squad
Selects Heavy Weapons
Selects Assault Carriers
Selects Halftrack Strongpoints
Selects M26 Pershing Heavy Tank
Selects M2HB .50cal Heavy Machine Gun
Selects M2HB .50cal Heavy Machine Gun
Selects Gallant Stand
M26 Pershing Heavy Tank
FarbKanne
Cameleon Casquer
A fiendish vampire
Doggy
geitje1
simranjitsingh713
0
0
Comments
sign in to comment!
No comments posted yet!